[Event "Titled Tuesday Blitz May 4 2021"]
[White "Fernandez, Michael"]
[Black "Volkov, Maksim"]
[WhiteFideId "5803560"]
[BlackFideId "54123070"]
[WhiteElo "2110"]
[BlackElo "2113"]
[Result "1-0"]
[Round "03"]
[TimeControl "180+1"]
[Date "2021.05.04"]
[WhiteClock "0:00:21"]
[BlackClock "0:00:08"]

1. e4 c5 2. Nf3 e6 3. b4 cxb4 4. d4 d5 5. e5 Nc6 6. a3 Nh6 7. axb4 Bxb4+ 8. c3 Be7 9. Bd3 Nf5 10. O-O h5 11. Re1 Bd7 12. Nbd2 h4 13. h3 Rc8 14. Nf1 a6 15. Ne3 Nxe3 16. Bxe3 Na5 17. Qb1 b5 18. Rc1 Qb6 19. Nd2 O-O 20. Nb3 Nc4 21. Nd2 a5 22. Nxc4 dxc4 23. Be4 b4 24. d5 Bc5 25. Bxc5 Qxc5 26. Bh7+ Kh8 27. Qe4 g5 28. dxe6 Bxe6 29. Bf5 Rfe8 30. Qg4 Qxe5 31. Qh5+ Kg8 32. Qxg5+ Qg7 33. Qxg7+ Kxg7 34. Bxe6 Rxe6 35. Rxa5 b3 36. Rb5 Re2 37. Kf1 Rce8 38. Rb4 Kf6 39. Rb1 R2e4 40. f3 Re2 41. Rxc4 Kg5 42. Rg4+ Kh5 43. Re4 R8xe4 44. fxe4 Rxe4 45. Rxb3 f5 46. Kf2 Kg5 47. Rb4 Re5 48. Rb2 Rc5 49. Rc2 Rc4 50. Ke3 Kf6 51. Kd3 Rc8 52. c4 Ke5 53. Re2+ Kf4 54. Kd4 Kg3 55. c5 f4 56. Kd5 f3 57. gxf3 Kxf3 58. Rc2 Kg3 59. Rc3+ Kh2 60. c6 Rg8 61. c7 Rc8 62. Kd6 Rh8 63. Kd7 Rh7+ 64. Kc6 Rh8 65. Kb7 Rh7 66. Kb8 Rh8+ 67. c8=Q Rxc8+ 68. Kxc8 1-0


[Site "https://www.chess.com"]

[Event "Titled Tuesday Blitz May 4 2021"]
[White "Fier, Alexandr"]
[Black "Injac, Teodora"]
[WhiteFideId "2107139"]
[BlackFideId "932400"]
[WhiteElo "2569"]
[BlackElo "2308"]
[Result "1-0"]
[Round "03"]
[TimeControl "180+1"]
[Date "2021.05.04"]
[WhiteClock "0:00:45"]
[BlackClock "0:00:07"]

1. d4 Nf6 2. Bg5 e6 3. e4 h6 4. Bxf6 Qxf6 5. c3 d6 6. Bd3 g6 7. Ne2 Bg7 8. O-O Qe7 9. f4 e5 10. f5 O-O 11. Qb3 Kh7 12. fxg6+ fxg6 13. Rxf8 Qxf8 14. Nd2 Nd7 15. Rf1 Nf6 16. Nc4 Qe7 17. Ne3 Rb8 18. Qa3 a6 19. Nc4 b5 20. dxe5 bxc4 21. exf6 Bxf6 22. Bxc4 Bb7 23. Nf4 Qxe4 24. Bf7 Qe3+ 25. Kh1 Be4 26. Qa5 Rxb2 27. Qxc7 Bg7 28. Qxd6 Qd2 29. Bxg6+ Bxg6 30. Qxg6+ Kh8 31. Ne6 1-0


[Site "https://www.chess.com"]

[Event "Titled Tuesday Blitz May 4 2021"]
[White "Foerster-Yialamas, Lucas"]
[Black "Grochal, Joey"]
[WhiteFideId "30901774"]
[BlackFideId "1019945"]
[WhiteElo "1744"]
[BlackElo "2265"]
[Result "0-1"]
[Round "03"]
[TimeControl "180+1"]
[Date "2021.05.04"]
[WhiteClock "0:00:03"]
[BlackClock "0:00:42"]

1. e4 c5 2. Nf3 e6 3. d4 cxd4 4. Nxd4 Nc6 5. Be3 Nf6 6. Nc3 Bb4 7. f3 d5 8. Be2 dxe4 9. O-O Bxc3 10. bxc3 Nd5 11. Qd2 Nxe3 12. Qxe3 exf3 13. Bxf3 Nxd4 14. cxd4 O-O 15. Be4 Qc7 16. Bd3 Bd7 17. Qe4 f5 18. Qe5 Qxe5 19. dxe5 Bc6 20. Bc4 Rae8 21. Rab1 g6 22. Bb5 Bxb5 23. Rxb5 b6 24. a4 Rc8 25. a5 Rc6 26. axb6 axb6 27. h3 Rd8 28. Rf2 Rd5 29. Rxd5 exd5 30. Re2 Kf7 31. Kf2 Ke6 32. Ke3 Kxe5 33. Kd3+ Kd6 34. c3 Rc4 35. Re8 Re4 36. Rh8 Re7 37. Rd8+ Rd7 38. Re8 Re7 39. Rd8+ Ke5 40. Rb8 Re6 41. Rh8 h5 42. g3 f4 43. gxf4+ Kxf4 44. Rd8 Kg3 45. Rxd5 Kxh3 46. c4 h4 47. Rg5 Kh2 48. Kd4 h3 49. Kd5 Rf6 50. Ke5 Rc6 51. Kd4 Kh1 52. Kc3 h2 53. Kb4 Rf6 54. Rg4 Rf2 55. Rxg6 Rg2 56. Rd6 Kg1 57. Rd1+ Kf2 58. Kb5 Rg6 59. Rd2+ Kg3 60. Rd1 Kh3 61. Rc1 Rg1 62. Rc3+ Kg4 63. Rc2 h1=Q 64. Rg2+ Qxg2 65. Kxb6 Rb1+ 0-1


[Site "https://www.chess.com"]

[Event "Titled Tuesday Blitz May 4 2021"]
[White "Funderburg, John T"]
[Black "Pasti, Aron"]
[WhiteFideId "2004992"]
[BlackFideId "785857"]
[WhiteElo "2060"]
[BlackElo "2082"]
[Result "0-1"]
[Round "03"]
[TimeControl "180+1"]
[Date "2021.05.04"]
[WhiteClock "0:00:02"]
[BlackClock "0:01:03"]

1. e4 e5 2. Nf3 Nc6 3. Bc4 Nf6 4. d4 exd4 5. e5 d5 6. Bb5 Ne4 7. Nxd4 Bc5 8. Be3 Bd7 9. Bxc6 bxc6 10. O-O O-O 11. f3 Ng5 12. Qd2 Ne6 13. c3 Nxd4 14. cxd4 Bb6 15. Nc3 Re8 16. f4 Qe7 17. Rae1 Bf5 18. Qd1 Rad8 19. g4 Be4 20. f5 g6 21. f6 Qe6 22. h3 c5 23. dxc5 Qxe5 24. Nxe4 dxe4 25. Qc2 Ba5 26. Qg2 Bxe1 27. Rxe1 Qxf6 28. Rf1 Qe6 29. Qf2 Rd3 30. Qf4 Re7 31. b4 Qe5 32. Qf2 Qc3 33. Qe2 Rxe3 0-1


[Site "https://www.chess.com"]

[Event "Titled Tuesday Blitz May 4 2021"]
[White "Gabrielian, Artur"]
[Black "Golubev, Mikhail"]
[WhiteFideId "4131002"]
[BlackFideId "14100983"]
[WhiteElo "2539"]
[BlackElo "2374"]
[Result "1-0"]
[Round "03"]
[TimeControl "180+1"]
[Date "2021.05.04"]
[WhiteClock "0:00:10"]
[BlackClock "0:00:05"]

1. c4 g6 2. g3 Bg7 3. Bg2 e5 4. Nc3 d6 5. e3 Nf6 6. Nge2 O-O 7. d4 Nbd7 8. O-O Re8 9. b3 exd4 10. Nxd4 Nc5 11. Bb2 c6 12. Qc2 a5 13. Rad1 Qb6 14. h3 a4 15. Kh2 axb3 16. axb3 Bd7 17. Rb1 h5 18. Rfd1 Nh7 19. Nce2 Ng5 20. b4 Qxb4 21. Nxc6 Bxc6 22. Bxg7 Ba4 23. Qc1 Bxd1 24. Rxb4 Bxe2 25. Bh6 Nf3+ 26. Bxf3 Bxf3 27. Qc3 Re5 28. Rb1 Ne4 29. Qd4 Kh7 30. Bf4 Rea5 31. Rxb7 Kg8 32. Bh6 Re5 33. c5 Ra2 34. Rb8+ Kh7 35. Rb2 Rxb2 36. Qxb2 Kxh6 37. cxd6 Kh7 38. Qxe5 1-0


[Site "https://www.chess.com"]

[Event "Titled Tuesday Blitz May 4 2021"]
[White "Gandhi, Shyam"]
[Black "Bolanos, Fernando"]
[WhiteFideId "2052008"]
[BlackFideId "3304094"]
[WhiteElo "1951"]
[BlackElo "1998"]
[Result "0-1"]
[Round "03"]
[TimeControl "180+1"]
[Date "2021.05.04"]
[WhiteClock "0:00:35"]
[BlackClock "0:00:07"]

1. c4 c5 2. Nc3 Nc6 3. g3 e6 4. Bg2 Nge7 5. e4 g6 6. Nge2 Bg7 7. d3 O-O 8. O-O d6 9. Be3 a6 10. Qd2 Rb8 11. a4 Bd7 12. d4 b6 13. Rfd1 Na5 14. Qd3 Nc8 15. dxc5 bxc5 16. Bxc5 dxc5 17. Qxd7 Qxd7 18. Rxd7 Rxb2 19. Rc1 Nxc4 20. Rc7 Ne5 21. Rb1 Rxb1+ 22. Nxb1 Nd3 23. Nf4 Be5 24. Rxc8 Rxc8 25. Nxd3 Bd4 26. Bf1 c4 27. Nb4 a5 28. Nc2 e5 29. Nd2 c3 30. Nc4 Kg7 31. Nxa5 Ra8 32. Nc4 Rxa4 33. Bd3 f5 34. exf5 gxf5 35. Nd6 Kf6 36. Nxf5 Ba7 37. Kf1 e4 38. Bxe4 Rxe4 39. Nfe3 Bd4 40. Nd5+ Ke5 41. Nxd4 Kxd4 42. Nb4 Re8 43. Nc2+ Kd3 44. Nb4+ Kd2 45. Kg2 Rb8 46. Na2 c2 47. h4 Rb2 48. g4 Rxa2 49. g5 c1=Q 50. Kg3 Qc6 51. f4 Ra3+ 52. Kg4 Qe6+ 53. Kh5 Qg6+ 54. Kg4 h5# 0-1


[Site "https://www.chess.com"]

[Event "Titled Tuesday Blitz May 4 2021"]
[White "Garcia Fuentes, Sergio Miguel"]
[Black "Coelho, Ramyres Santana"]
[WhiteFideId "7300549"]
[BlackFideId "2120690"]
[WhiteElo "2167"]
[BlackElo "1888"]
[Result "1-0"]
[Round "03"]
[TimeControl "180+1"]
[Date "2021.05.04"]
[WhiteClock "0:00:23"]
[BlackClock "0:01:20"]

1. Nf3 c5 2. g3 Nf6 3. Bg2 Nc6 4. d4 cxd4 5. Nxd4 e6 6. O-O d5 7. c4 Be7 8. Nc3 O-O 9. cxd5 Nxd5 10. Nxd5 exd5 11. Be3 Bf6 12. Rc1 Ne5 13. Nb5 Be6 14. Nc7 Rc8 15. Nxd5 Rxc1 16. Bxc1 Nc4 17. b3 Bxd5 18. Qxd5 Qxd5 19. Bxd5 Na5 20. Ba3 Rd8 21. e4 Nc6 22. Rc1 Nd4 23. Rc7 Nb5 24. Rxf7 Kh8 25. Be7 Bxe7 26. Rxe7 b6 27. a4 Nc3 28. Rxa7 Nxd5 29. exd5 h6 30. Rb7 Rxd5 31. Rxb6 Rd1+ 32. Kg2 Rd3 33. a5 Kh7 34. a6 Rd7 35. b4 Rd8 36. b5 Ra8 37. h4 h5 38. Kf3 g6 39. Kf4 Kh6 40. f3 Rf8+ 41. Ke3 Re8+ 42. Kf2 Rd8 43. g4 Rd2+ 44. Ke3 Ra2 45. g5+ Kg7 46. Rb7+ Kg8 47. a7 Ra3+ 48. Ke4 Ra4+ 49. Ke5 Ra5 50. Rb8+ Kh7 51. a8=Q 1-0


[Site "https://www.chess.com"]

[Event "Titled Tuesday Blitz May 4 2021"]
[White "Garcia, Gabriel Gonzaga"]
[Black "Holt, Conrad"]
[WhiteFideId "2138956"]
[BlackFideId "2034387"]
[WhiteElo "2240"]
[BlackElo "2586"]
[Result "0-1"]
[Round "03"]
[TimeControl "180+1"]
[Date "2021.05.04"]
[WhiteClock "0:00:21"]
[BlackClock "0:00:18"]

1. e4 e6 2. Nf3 d5 3. Nc3 Nf6 4. e5 Nfd7 5. d4 c5 6. dxc5 Nc6 7. Bf4 Bxc5 8. Bd3 f6 9. exf6 Nxf6 10. O-O O-O 11. Ne5 Bd7 12. a3 Be8 13. h3 Nh5 14. Bh2 Qh4 15. Ng4 Nf6 16. Qe2 Nd4 17. Nxf6+ Rxf6 18. Qg4 Qh6 19. Be5 Bh5 20. Qh4 Nf5 21. Qa4 Bf3 22. Bxf6 Qg6 23. g4 Qh6 24. Qf4 Qxf4 25. gxf5 Qg3# 0-1


[Site "https://www.chess.com"]

[Event "Titled Tuesday Blitz May 4 2021"]
[White "Gazis, Efstathios"]
[Black "Estrada Nieto, Julian"]
[WhiteFideId "4200659"]
[BlackFideId "5101018"]
[WhiteElo "2225"]
[BlackElo "2270"]
[Result "0-1"]
[Round "03"]
[TimeControl "180+1"]
[Date "2021.05.04"]
[WhiteClock "0:01:53"]
[BlackClock "0:02:11"]

1. d4 d5 2. c4 dxc4 3. e3 Nf6 4. Bxc4 e6 5. Nf3 c5 6. O-O a6 7. a4 Nc6 8. Nc3 Be7 9. Qe2 cxd4 10. Rd1 e5 11. exd4 exd4 12. Be3 Bg4 13. h3 Bxf3 14. Qxf3 O-O 15. Ne2 Ne5 16. Qg3 Nxc4 17. Rxd4 Bd6 18. Qh4 Nxe3 19. fxe3 Qe7 0-1


[Site "https://www.chess.com"]

[Event "Titled Tuesday Blitz May 4 2021"]
[White "Gershon, Alik"]
[Black "Voege, Tobias"]
[WhiteFideId "2802430"]
[BlackFideId "1270513"]
[WhiteElo "2281"]
[BlackElo "2283"]
[Result "0-1"]
[Round "03"]
[TimeControl "180+1"]
[Date "2021.05.04"]
[WhiteClock "0:00:01"]
[BlackClock "0:00:04"]

1. e4 c5 2. Nf3 Nc6 3. c3 Nf6 4. e5 Nd5 5. d4 cxd4 6. cxd4 d6 7. Bc4 Nb6 8. Bb5 d5 9. h3 Bf5 10. O-O e6 11. Nc3 Rc8 12. Bxc6+ bxc6 13. a3 c5 14. Be3 Nc4 15. dxc5 Nxe3 16. fxe3 Bxc5 17. Nd4 Bg6 18. Qg4 O-O 19. Rf2 Be7 20. Nce2 Rc4 21. b3 Rc7 22. g3 Bg5 23. Nf4 Bh6 24. h4 Be4 25. Raf1 Re8 26. Nfxe6 fxe6 27. Nxe6 Qc8 28. Rf8+ Rxf8 29. Rxf8+ Qxf8 30. Nxf8 Bxe3+ 31. Kf1 Kxf8 32. Qe6 Bc5 33. b4 Rf7+ 34. Ke1 Bf2+ 35. Ke2 Bxg3 36. Qc8+ Ke7 37. Qc7+ Ke6 38. Qd6+ Kf5 39. Ke3 Bf4+ 40. Kd4 Bg3 41. Qb8 Bf2+ 42. Kc3 Bg3 43. Kd4 Bf2+ 44. Kc3 Bg3 45. Qc8+ Kg6 46. Kd4 Bxh4 47. e6 Bf2+ 48. Ke5 Re7 49. Qd8 Bg3+ 50. Kd4 Bh4 0-1


[Site "https://www.chess.com"]

[Event "Titled Tuesday Blitz May 4 2021"]
[White "Gevorgyan, David Sh."]
[Black "Tymrakiewicz, Rafal"]
[WhiteFideId "13303244"]
[BlackFideId "1108832"]
[WhiteElo "2255"]
[BlackElo "2172"]
[Result "1-0"]
[Round "03"]
[TimeControl "180+1"]
[Date "2021.05.04"]
[WhiteClock "0:00:54"]
[BlackClock "0:00:46"]

1. Nf3 Nf6 2. g3 g6 3. Bg2 Bg7 4. O-O O-O 5. d4 d6 6. c4 Nc6 7. d5 Nb8 8. Nc3 e5 9. e4 a5 10. Ne1 Na6 11. Nd3 Nd7 12. Be3 Ndc5 13. f4 Nxd3 14. Qxd3 exf4 15. gxf4 f5 16. Rae1 Re8 17. Bd4 Nc5 18. Bxc5 dxc5 19. e5 Ra6 20. Kh1 g5 21. e6 Raxe6 22. Rxe6 Bxe6 23. fxg5 Bd7 24. h4 h6 25. d6 c6 26. Qg3 hxg5 27. hxg5 Be5 28. Qh4 Kg7 29. Qh6+ Kg8 30. g6 Bg7 31. Qh7+ Kf8 32. Ne4 Be6 33. Qh5 Kg8 34. Bh3 Qd7 35. Bxf5 Bxf5 36. Rxf5 Bd4 37. Rf7 1-0


[Site "https://www.chess.com"]

[Event "Titled Tuesday Blitz May 4 2021"]
[White "Goltsev, Dmitry"]
[Black "Garcia Blanco, Omar"]
[WhiteFideId "24176710"]
[BlackFideId "2287153"]
[WhiteElo "2383"]
[BlackElo "2273"]
[Result "0-1"]
[Round "03"]
[TimeControl "180+1"]
[Date "2021.05.04"]
[WhiteClock "0:00:03"]
[BlackClock "0:01:18"]

1. e4 c5 2. Nf3 e6 3. d4 cxd4 4. Nxd4 Nc6 5. Nc3 Qc7 6. Be2 a6 7. Be3 Nf6 8. a4 Be7 9. O-O O-O 10. f4 d6 11. Bf3 Re8 12. Qe2 Bf8 13. g4 Nxd4 14. Bxd4 e5 15. Be3 exf4 16. Bxf4 Be6 17. g5 Nd7 18. Kh1 Ne5 19. Bxe5 dxe5 20. Nd5 Bxd5 21. exd5 e4 22. Bxe4 Qe5 23. Rae1 Bd6 24. Bxh7+ Kh8 25. Be4 Qxg5 26. Rxf7 Qh4 27. Rf5 g6 28. Rf2 Rxe4 29. Qxe4 Qxf2 30. Qe2 Qxe2 31. Rxe2 Rd8 32. b3 Kg7 33. c4 Rd7 34. Kg2 Re7 35. Rc2 Bc5 36. a5 Re3 37. b4 Bxb4 38. Rb2 Bxa5 39. Rxb7+ Kh6 40. Ra7 Re2+ 41. Kf3 Rxh2 42. Rxa6 Bb4 43. Rb6 Ba3 44. Ra6 Bb4 45. Ke4 Rd2 46. Ke5 Kg5 47. Rb6 Bc5 48. Rb5 Re2# 0-1


[Site "https://www.chess.com"]

[Event "Titled Tuesday Blitz May 4 2021"]
[White "Gonzalez, Francisco Silva"]
[Black "Erdogdu, Mert"]
[WhiteFideId "1512285"]
[BlackFideId "6301495"]
[WhiteElo "2159"]
[BlackElo "2485"]
[Result "1/2-1/2"]
[Round "03"]
[TimeControl "180+1"]
[Date "2021.05.04"]
[WhiteClock "0:00:19"]
[BlackClock "0:00:06"]

1. d4 Nf6 2. c4 g6 3. Nc3 d5 4. Bf4 Bg7 5. Nf3 O-O 6. e3 c5 7. dxc5 Ne4 8. Rc1 Qa5 9. Be5 Bxe5 10. Nxe5 dxc4 11. Bxc4 Nxc5 12. O-O Be6 13. a3 Qd8 14. Nd5 Nbd7 15. Nf3 Bg4 16. Ba2 e6 17. Nc3 Bxf3 18. Qxf3 Rc8 19. Rcd1 Qf6 20. Qg3 Ne5 21. e4 Nc6 22. f4 Rfd8 23. e5 Qe7 24. b4 Nd7 25. Ne4 Nb6 26. Nf6+ Kg7 27. Qh4 h6 28. b5 Nd4 29. a4 Nxa4 30. Nh5+ Kf8 31. Nf6 Nf5 32. Qh3 Nc3 33. Rxd8+ Qxd8 34. g4 Qd4+ 35. Kh1 Ne3 36. Qxh6+ Ke7 37. Qg5 Nxf1 38. Nd5+ Kf8 39. Qe7+ Kg8 40. Nf6+ Kg7 41. Bxe6 Rf8 42. Ne8+ Kg8 43. Nf6+ Kg7 44. Nh5+ Kh7 45. Nf6+ Kg7 1/2-1/2


[Site "https://www.chess.com"]

[Event "Titled Tuesday Blitz May 4 2021"]
[White "Grineva, Marianna"]
[Black "Zia, Tahsin Tajwar"]
[WhiteFideId "14102013"]
[BlackFideId "10211888"]
[WhiteElo "1925"]
[BlackElo "1678"]
[Result "1-0"]
[Round "03"]
[TimeControl "180+1"]
[Date "2021.05.04"]
[WhiteClock "0:00:10"]
[BlackClock "0:00:09"]

1. e4 c5 2. Nf3 d6 3. d4 cxd4 4. Nxd4 Nf6 5. Nc3 Nc6 6. f3 e5 7. Nb3 Be6 8. Be3 d5 9. exd5 Nxd5 10. Nxd5 Qxd5 11. Qxd5 Bxd5 12. O-O-O O-O-O 13. Bd3 Be7 14. Nc5 g6 15. c4 Bxc5 16. Bxc5 Be6 17. b3 Nd4 18. Rhe1 b6 19. Bb4 Nc6 20. Bc3 f6 21. Be4 Kc7 22. f4 Rxd1+ 23. Rxd1 Bg4 24. Re1 exf4 25. Bxf6 Re8 26. Kd2 Re6 27. Bg5 Nb4 28. Bxf4+ Kd8 29. a3 Na6 30. Bc2 Rxe1 31. Kxe1 Nc5 32. Kf2 Kd7 33. b4 Ne6 34. Be3 Bf5 35. Ba4+ Kc7 36. Bb3 Nd8 37. h3 Be6 38. g4 Nc6 39. Ke2 Kb7 40. Kd3 Ne5+ 41. Kd4 Nf3+ 42. Kc3 Bd7 43. c5 Bc6 44. cxb6 axb6 45. Bg8 h6 46. Bf7 h5 47. Bxg6 hxg4 48. hxg4 Ne5 49. Bf5 Bf3 50. g5 Bh5 51. Bd4 Ng6 52. Bf6 Nf4 53. Be4+ Ka6 54. Kd4 Ne2+ 55. Ke5 Kb5 56. Bd3+ Ka4 57. g6 Nc3 58. g7 Bf7 59. Bf5 Kxa3 60. Be6 Bxe6 61. Kxe6 Kxb4 62. g8=Q Ka3 63. Qg3 b5 64. Qxc3+ Ka4 65. Qb2 b4 66. Bd4 b3 67. Kd5 Kb4 68. Bc3+ Ka4 69. Kd4 Kb5 70. Qxb3+ Kc6 71. Ba5 Kd6 72. Qb6+ Kd7 73. Kd5 Ke8 74. Qc7 Kf8 75. Ke6 Kg8 76. Kf6 Kf8 77. Qf7# 1-0


[Site "https://www.chess.com"]

[Event "Titled Tuesday Blitz May 4 2021"]
[White "Guimaraes, Diogo Duarte"]
[Black "Lonoff, Marc"]
[WhiteFideId "2112450"]
[BlackFideId "2001349"]
[WhiteElo "2263"]
[BlackElo "2234"]
[Result "1-0"]
[Round "03"]
[TimeControl "180+1"]
[Date "2021.05.04"]
[WhiteClock "0:00:47"]
[BlackClock "0:00:08"]

1. e4 e6 2. d3 d5 3. Nd2 Nf6 4. g3 dxe4 5. dxe4 e5 6. Ngf3 Nc6 7. Bg2 Bc5 8. c3 Bg4 9. Qe2 Qd7 10. h3 Bh5 11. a4 a5 12. Qb5 b6 13. Nb3 O-O 14. Nxc5 bxc5 15. Qxc5 Nxe4 16. Qe3 f5 17. g4 Rad8 18. O-O fxg4 19. hxg4 Qxg4 20. Nh2 Qh4 21. Qxe4 1-0


[Site "https://www.chess.com"]

[Event "Titled Tuesday Blitz May 4 2021"]
[White "Gusarov, Grigory"]
[Black "Yilmaz, Mustafa"]
[WhiteFideId "24102172"]
[BlackFideId "6302718"]
[WhiteElo "2285"]
[BlackElo "2518"]
[Result "0-1"]
[Round "03"]
[TimeControl "180+1"]
[Date "2021.05.04"]
[WhiteClock "0:00:12"]
[BlackClock "0:00:16"]

1. e4 c5 2. Nf3 Nc6 3. Bb5 e6 4. Bxc6 bxc6 5. O-O Qc7 6. b3 Ne7 7. Bb2 f6 8. d4 Ng6 9. c4 cxd4 10. Qxd4 Be7 11. Nc3 O-O 12. Rad1 Nf4 13. Rfe1 e5 14. Qd2 d6 15. Ba3 Bg4 16. Bxd6 Bxd6 17. Qxd6 Qa5 18. Na4 Bxf3 19. gxf3 Rad8 20. Qc5 Qc7 21. Nc3 Qc8 22. Rxd8 Rxd8 23. Ne2 Nd3 24. Qa5 Nxe1 25. Qxe1 Qh3 26. Ng3 h5 27. Qe2 g6 28. c5 Qd7 29. Qc4+ Kg7 30. h4 Qd1+ 31. Kg2 Rd3 32. Qe6 Qxf3+ 33. Kg1 Rd1+ 34. Nf1 Qg4+ 35. Qxg4 hxg4 36. Kg2 Rd4 37. f3 f5 38. exf5 gxf5 39. fxg4 Rxg4+ 40. Kh3 Kf6 41. Ne3 Rd4 42. Nc4 Rd3+ 43. Kg2 Rd5 44. b4 Rd4 45. Na5 Rxb4 46. Nxc6 Rxh4 47. Nxa7 Ra4 48. Nb5 Rxa2+ 49. Kf3 Ra5 50. Nd6 Rxc5 51. Ne8+ Kf7 52. Nd6+ Ke6 53. Nb7 Rc3+ 54. Ke2 Kd5 55. Na5 Ra3 56. Nb7 Ra7 57. Nd8 Rd7 0-1


[Site "https://www.chess.com"]

[Event "Titled Tuesday Blitz May 4 2021"]
[White "Guzman Moneo, Alberto"]
[Black "Skatchkov, Pavel"]
[WhiteFideId "2209616"]
[BlackFideId "4121848"]
[WhiteElo "2157"]
[BlackElo "2476"]
[Result "0-1"]
[Round "03"]
[TimeControl "180+1"]
[Date "2021.05.04"]
[WhiteClock "0:00:02"]
[BlackClock "0:01:03"]

1. d4 Nf6 2. Bf4 e6 3. e3 d5 4. Nf3 c5 5. c3 Nc6 6. Nbd2 Nh5 7. Bb5 Nxf4 8. exf4 cxd4 9. Nxd4 Qc7 10. N2f3 Bd7 11. g3 Bc5 12. O-O O-O 13. Rc1 a6 14. Ba4 Qb6 15. b4 Bxd4 16. cxd4 Qxb4 17. Rb1 Qa3 18. Rxb7 Nxd4 19. Qxd4 Qxa4 20. Qe5 Bb5 21. Rc1 Bc4 22. Ng5 Qc6 23. Rc7 Qb6 24. h4 h6 25. R7xc4 dxc4 26. Ne4 Rad8 27. Rxc4 Rd5 0-1


[Site "https://www.chess.com"]

[Event "Titled Tuesday Blitz May 4 2021"]
[White "Haessel, Dale R."]
[Black "Gerola, Fausto"]
[WhiteFideId "2012618"]
[BlackFideId "845175"]
[WhiteElo "2167"]
[BlackElo "2166"]
[Result "0-1"]
[Round "03"]
[TimeControl "180+1"]
[Date "2021.05.04"]
[WhiteClock "0:00:01"]
[BlackClock "0:01:18"]

1. d4 f5 2. g3 Nf6 3. Bg2 g6 4. c4 Bg7 5. Nc3 O-O 6. Nf3 d6 7. O-O Nc6 8. d5 Ne5 9. Nxe5 dxe5 10. c5 e4 11. Qb3 Kh8 12. Rd1 e6 13. Bf4 exd5 14. Nxd5 Nxd5 15. Rxd5 Qe7 16. Qe3 Be6 17. Rd2 Rad8 18. Bg5 Bf6 19. Rxd8 Rxd8 20. Qc3 Bxc3 21. Bxe7 Rd7 22. bxc3 Rxe7 23. e3 Rd7 24. Bf1 Rd2 25. a4 Rc2 26. Rb1 b6 27. cxb6 cxb6 28. a5 Ba2 29. Rb4 bxa5 30. Rb8+ Kg7 31. Rb7+ Kh6 32. Rxa7 Rc1 33. Kg2 Rxc3 34. Rxa5 Bb3 35. Ra7 Bd1 36. h4 Bf3+ 37. Kh2 Rc2 38. Bb5 Rxf2+ 0-1


[Site "https://www.chess.com"]

[Event "Titled Tuesday Blitz May 4 2021"]
[White "Hartikainen, Jarmo"]
[Black "Hernandez Jimenez, Alexander Andres"]
[WhiteFideId "503134"]
[BlackFideId "3900452"]
[WhiteElo "2063"]
[BlackElo "2151"]
[Result "0-1"]
[Round "03"]
[TimeControl "180+1"]
[Date "2021.05.04"]
[WhiteClock "0:00:01"]
[BlackClock "0:00:10"]

1. e4 c5 2. Nf3 d6 3. d4 cxd4 4. Nxd4 Nf6 5. Nc3 a6 6. Bg5 e6 7. f4 Nbd7 8. Qf3 Qc7 9. O-O-O b5 10. e5 Bb7 11. exd6 Bxf3 12. dxc7 Bxd1 13. Kxd1 Bc5 14. Nb3 Bb6 15. Bd3 Bxc7 16. Rf1 O-O 17. h3 h6 18. Bh4 b4 19. Ne4 Rfd8 20. Ke2 a5 21. Nd4 Bb6 22. Bf2 Nxe4 23. Bxe4 Rac8 24. Nc6 Re8 25. Rd1 Nc5 26. Bf3 g6 27. Bd4 Rc7 28. Bf6 Rd7 29. c3 Rxd1 30. Kxd1 bxc3 31. bxc3 Nd3 32. g3 Kh7 33. a3 Nb2+ 34. Kc2 Nc4 35. a4 Bf2 36. g4 Be3 37. f5 gxf5 38. gxf5 exf5 39. Bd5 Nd6 40. Nxa5 Bg5 41. Bd4 Ne4 42. c4 f4 43. c5 f3 44. Bxe4+ Rxe4 0-1


[Site "https://www.chess.com"]

[Event "Titled Tuesday Blitz May 4 2021"]
[White "Heinemann, Josefine"]
[Black "Stepak, Yedael"]
[WhiteFideId "12900460"]
[BlackFideId "2800454"]
[WhiteElo "2300"]
[BlackElo "2146"]
[Result "1-0"]
[Round "03"]
[TimeControl "180+1"]
[Date "2021.05.04"]
[WhiteClock "0:00:17"]
[BlackClock "0:00:02"]

1. e4 c5 2. Nf3 e6 3. d4 cxd4 4. Nxd4 a6 5. c4 Qc7 6. Nc3 Nf6 7. a3 b6 8. Be2 Bb7 9. f3 h6 10. Be3 Nc6 11. O-O Bd6 12. f4 Nxd4 13. Qxd4 e5 14. Qd2 Nxe4 15. Nxe4 Bxe4 16. fxe5 Bxe5 17. Bf4 Bxf4 18. Rxf4 f5 19. Bh5+ Ke7 20. Re1 Qe5 21. Rf2 Kd8 22. Bf3 Re8 23. Rfe2 Kc7 24. Bxe4 fxe4 25. Qe3 Qc5 26. Qxc5+ bxc5 27. Rxe4 Rxe4 28. Rxe4 Rb8 29. Re2 d6 30. Kf2 Rf8+ 31. Kg3 Kc6 32. b4 Rb8 33. bxc5 Kxc5 34. Re7 Rb3+ 35. Kf4 g5+ 36. Kg4 Rxa3 37. Rh7 Rc3 38. Rxh6 Rxc4+ 39. Kxg5 a5 40. g4 a4 41. Rh8 Kb6 42. Rb8+ Ka7 43. Rb1 a3 44. h4 Rc5+ 45. Kg6 Ra5 46. h5 a2 47. Ra1 Kb6 48. h6 Kb5 49. h7 Ra8 50. Rxa2 Rc8 51. g5 Kc5 52. Kh6 Kd5 53. g6 Ke6 54. g7 Kf6 55. g8=Q Rc1 56. Qg6+ Ke5 57. Re2+ Kf4 58. Qe4+ Kg3 59. Rg2+ 1-0


[Site "https://www.chess.com"]

[Event "Titled Tuesday Blitz May 4 2021"]
[White "Homiakova, Elena"]
[Black "Fanha, Paulo"]
[WhiteFideId "13507761"]
[BlackFideId "1902148"]
[WhiteElo "2272"]
[BlackElo "1851"]
[Result "0-1"]
[Round "03"]
[TimeControl "180+1"]
[Date "2021.05.04"]
[WhiteClock "0:00:07"]
[BlackClock "0:00:33"]

1. e4 d5 2. exd5 Qxd5 3. d4 e5 4. dxe5 Qxd1+ 5. Kxd1 Nc6 6. Bf4 Bg4+ 7. Be2 O-O-O 8. Nd2 Bf5 9. Nf3 f6 10. exf6 Nxf6 11. Ke1 Bxc2 12. Rc1 Bd3 13. Bxd3 Rxd3 14. Ne5 Nxe5 15. Bxe5 Bd6 16. Bxd6 Rxd6 17. Nc4 Re8+ 18. Ne3 Nd5 19. Ke2 Nf4+ 20. Kf3 Nd3 21. Rc2 Rf8+ 22. Ke4 Nxf2+ 23. Rxf2 Rxf2 24. Rc1 Rxb2 25. Rf1 Rb4+ 26. Ke5 Rb5+ 27. Ke4 Re6+ 28. Kd4 Kd7 29. Nd5 Rd6 30. Rf7+ Ke8 31. Re7+ Kf8 32. Re5 c6 33. Rf5+ Kg8 0-1


[Site "https://www.chess.com"]

[Event "Titled Tuesday Blitz May 4 2021"]
[White "Howell, David W L"]
[Black "Manukyan, Sargis A."]
[WhiteFideId "410608"]
[BlackFideId "13303970"]
[WhiteElo "2643"]
[BlackElo "2187"]
[Result "1-0"]
[Round "03"]
[TimeControl "180+1"]
[Date "2021.05.04"]
[WhiteClock "0:00:13"]
[BlackClock "0:00:06"]

1. b3 d5 2. Bb2 e6 3. g3 Nf6 4. Bg2 Be7 5. d3 O-O 6. e3 b6 7. Nd2 Bb7 8. Ne2 Nbd7 9. h3 c5 10. g4 Qc7 11. Ng3 d4 12. Bxb7 Qxb7 13. e4 Bd6 14. g5 Ne8 15. h4 f5 16. gxf6 Bxg3 17. fxg3 Nexf6 18. Qe2 Ne5 19. O-O-O Nfg4 20. Rdf1 Ne3 21. Rxf8+ Rxf8 22. Nf1 N5g4 23. Nxe3 Nxe3 24. Kb1 Qf7 25. Bc1 Qf3 26. Qxf3 Rxf3 27. Rg1 Ng4 28. Bd2 Rf2 29. Kc1 Nh2 30. Be1 Rf6 31. Rh1 Ng4 32. h5 Ne3 33. Kd2 e5 34. Ke2 Kf7 35. c3 Ng4 36. Rh4 Ne3 37. Bd2 Nf1 38. Be1 dxc3 39. Bxc3 Nxg3+ 40. Ke3 Ke6 41. Be1 g5 42. hxg6 Rxg6 43. Rh3 Nf1+ 44. Ke2 Rg2+ 45. Kxf1 Rxa2 46. Rh6+ Kd7 47. Bc3 Ra3 48. Bxe5 Rxb3 49. Ke2 a5 50. Kd2 a4 51. Kc2 Rb4 52. Rxh7+ Ke6 53. Bc3 Rb5 54. Ra7 Kd6 55. Rxa4 Kc6 56. Ra1 c4 57. d4 Rh5 58. d5+ Kc5 59. Rd1 b5 60. Bd4+ Kd6 61. Rb1 Rh2+ 62. Kc3 Re2 63. e5+ Kxd5 64. Rxb5+ Kc6 65. Rc5+ Kd7 66. Kxc4 Ke6 67. Rc6+ Ke7 68. Kd5 Ra2 69. Rc7+ Kd8 70. Ra7 Rh2 71. e6 Rd2 72. Ra6 Ke8 73. Ra4 Ke7 74. Ra7+ Ke8 75. Ke5 Rd1 76. Ra8+ Ke7 77. Bc5+ Rd6 78. Bxd6# 1-0


[Site "https://www.chess.com"]